 Dungeon Crawl Stone Soup version 0.31.0-10-gcf4a605ca0 (webtiles) character file.

Game seed: 2482125307237621311

29633 LustLizard the Severer (level 13, -1/119 HPs)
             Began as a Minotaur Berserker on Jan 25, 2024.
             Was a High Priest of Trog.
             Slain by a large abomination (17 damage)
             ... on level 2 of the Abyss.
             The game lasted 00:38:58 (16328 turns).

LustLizard the Severer (Minotaur Berserker)        Turns: 16328, Time: 00:38:59

Health: -1/119     AC: 18    Str: 25    XL:     13   Next: 16%
Magic:  12/12      EV:  8    Int:  6    God:    Trog [*****.]
Gold:   892        SH:  0    Dex: 10    Spells: 12/12 levels left

rFire   . . .        T - +9 broad axe (heavy)
rCold   . . .        (no shield)
rNeg    . . .        f - +0 plate armour
rPois   +            (helmet restricted)
rElec   .            h - +0 cloak {rPois}
rCorr   +            l - +0 pair of gloves
SInv    .            c - +0 pair of boots
Will    .....        P - amulet of the acrobat Stlth
                     V - ring of resist corrosion
HPRegen 0.39/turn    (no ring)
MPRegen 0.13/turn

%: acrobat
@: on berserk cooldown
A: horns 2, retaliatory headbutt
a: Renounce Religion, Berserk, Trog's Hand, Brothers in Arms


You were on level 2 of the Abyss.
You worshipped Trog.
Trog was extremely pleased with you.
You visited 2 branches of the dungeon, and saw 13 of its levels.
You visited the Abyss 1 time.
You also visited: Ossuary and Bailey.

You collected 946 gold pieces.
You spent 54 gold pieces at shops.

Inventory:

Hand Weapons
 E - a +0 war axe
 L - a +3 battleaxe of flaming
 Q - a +1 scimitar of flaming
 T - a +9 heavy broad axe (weapon)
Missiles
 d - 53 stones
 i - 23 poisoned darts
 p - 9 boomerangs
 G - 3 throwing nets
 I - 6 atropa-tipped darts
 O - 5 javelins
Armour
 c - a +0 pair of boots (worn)
 f - a +0 plate armour (worn)
 h - a +0 cloak of poison resistance (worn)
 l - a +0 pair of gloves (worn)
 K - a +0 buckler
Jewellery
 D - a ring of ice
 N - a ring of poison resistance
 P - an amulet of the acrobat (around neck)
 V - a ring of resist corrosion (left hand)
Wands
 q - a wand of charming (11)
 u - a wand of flame (19)
 U - a wand of light (4)
 W - a wand of polymorph (6)
Scrolls
 g - 6 scrolls of teleportation
 k - a scroll of enchant weapon
 r - 3 scrolls of noise {unknown}
 s - 5 scrolls of enchant armour
 v - a scroll of brand weapon {unknown}
 x - a scroll of revelation {unknown}
 y - 3 scrolls of blinking {unknown}
 B - 3 scrolls of torment {unknown}
 F - 3 scrolls of acquirement {unknown}
 J - 3 scrolls of amnesia {unknown}
 M - a scroll of fog {unknown}
 S - 2 scrolls of immolation {unknown}
Potions
 a - a potion of experience {unknown}
 b - a potion of haste {unknown}
 e - 5 potions of curing
 j - 3 potions of enlightenment
 m - 5 potions of invisibility
 n - 3 potions of lignification
 o - 3 potions of berserk rage
 t - 2 potions of degeneration {unknown}
 w - 9 potions of mutation
 z - 2 potions of resistance {unknown}
 A - 2 potions of attraction {unknown}
 C - 2 potions of cancellation
 H - a potion of might {unknown}


   Skills:
 + Level 12.6 Fighting
 * Level 17.2 Axes
 + Level 10.2 Throwing
 + Level 9.9 Armour
 - Level 2.1 Dodging
 + Level 7.2 Shields


You had 12 spell levels left.
You didn't know any spells.
Your spell library was empty.

Dungeon Overview and Level Annotations

Branches:
Dungeon (12/15)            Temple (0/1) D:6            Lair (0/5) D:10
    Orc (1/2) D:9         Ossuary (visited)          Bailey (visited)

Altars:
Cheibriados
Fedhas
Gozag
Hepliaklqana
Kikubaaqudgha
Makhleb
Nemelex Xobeh
Ru
Sif Muna
Trog
Uskayaw
Vehumet
Xom
Yredelemnul
Zin
The Shining One

Shops:
D:1 [   D:5 [   D:11 :*

Annotations:
D:2 1 runed translucent door, Crazy Yiuf
Orc:1 Erolcha


Innate Abilities, Weirdness & Mutations

You have a pair of horns on your head.
You reflexively headbutt those who attack you in melee.


Message History

The bone dragon bites you but does no damage.
The bone dragon claws you.
* * * LOW HITPOINT WARNING * * *
The bone dragon tramples you but does no damage.
You slash the bone dragon!
The bone dragon is almost destroyed.
You are no longer berserk.
You are exhausted.
You feel as though you will be slow longer.
The bone dragon bites you.
* * * LOW HITPOINT WARNING * * *
The bone dragon claws you but does no damage.
The bone dragon tramples you but does no damage.
The wight hits you but does no damage.
You hit the bone dragon.
You destroy the bone dragon!
Trog accepts your kill. The wight hits you but does no damage.
The large abomination hits you but does no damage.
The wight hits you from afar with a +3 halberd.
* * * LOW HITPOINT WARNING * * *
Your life force feels restored.
You cannot teleport because you are held in place by your roots.
You feel better.
The wight hits you from afar with a +3 halberd.
* * * LOW HITPOINT WARNING * * *
The large abomination completely misses you.
Your magical effects are unravelling.
You feel magically purged.
You feel less wooden.
Your +0 cloak of poison resistance unmelds from your body.
Your +0 pair of gloves unmelds from your body.
Your +0 pair of boots unmelds from your body.
Your +0 plate armour unmelds from your body.
You feel resistant to poison.
You feel yourself speed up.
The wight hits you from afar with a +3 halberd.
* * * LOW HITPOINT WARNING * * *
The large abomination hits you!
You die...

. . ##
. # ###
# ..
###@#.
~.
#.WX.##
##zz##


.zzR # #.#.##z # .. . ... ## ..# # You could see a rakshasa, a large
abomination, a wraith and 4 wights.

Vanquished Creatures
  A bone dragon (Abyss:2)
  A great orb of eyes (Abyss:2)
  A centaur warrior (D:10)
  4 two-headed ogres
  Erica (D:10)
  A vampire mage (Abyss:2)
  A sixfirhy (Abyss:2)
  A shadow wraith (Abyss:2)
  4 orc knights (Bailey)
  3 deep elf pyromancers
  2 ugly things
  3 cyclopes
  2 manticores
  An orange demon (Abyss:2)
  An unseen horror (D:12)
  2 efreet
  4 kobold demonologists (D:11)
  A komodo dragon (D:11)
  8 trolls
  3 red devils (D:11)
  2 hornets
  Prince Ribbit (D:8)
  6 slime creatures (D:12)
  2 small abominations (Abyss:2)
  A water elemental (D:12)
  3 wraiths
  2 vampires
  5 wyverns
  9 yaks
  2 fire bats (Abyss:2)
  Grum (D:9)
  4 steam dragons
  4 vampire mosquitoes (D:12)
  3 acid dragons
  2 water moccasins (D:10)
  2 sky beasts
  3 black bears (D:10)
  4 ice beasts
  8 orc warriors
  3 ogres
  5 wolves
  2 centaurs
  3 phantoms
  2 kobold brigands
  2 bullfrogs
  An elf zombie (Ossuary)
  4 scorpions
  3 gnoll sergeants
  13 killer bees
  2 howler monkeys
  A vampire bat (D:7)
  4 crimson imps (D:4)
  A bombardier beetle (D:5)
  4 jellies
  2 hounds (D:4)
  A human zombie (Ossuary)
  3 orc priests
  An iron imp (Abyss:2)
  An iguana (D:5)
  6 orc wizards
  Natasha (thrice) (D:3)
  2 mummies (Ossuary)
  6 hound zombies (Ossuary)
  16 gnolls
  10 adders
  A shadow imp (D:5)
  2 ufetubi (D:5)
  4 adder zombies (Ossuary)
  3 dart slugs
  A ribbon worm (D:2)
  53 orcs
  5 bat zombies (D:7)
  6 endoplasms
  3 giant cockroaches
  9 gnoll zombies (Ossuary)
  10 goblins
  8 hobgoblins
  8 jackals
  7 quokkas
  6 ball pythons
  11 bats
  6 frilled lizards
  5 jackal zombies (Ossuary)
  16 kobolds
  7 kobold zombies (Ossuary)
  4 orc zombies (Ossuary)
  8 rats
393 creatures vanquished.

Vanquished Creatures (collateral kills)
  An orc (Bailey)
1 creature vanquished.

Vanquished Creatures (others)
  An orc warrior (Bailey)
  2 starspawn tentacles (Abyss:2)
3 creatures vanquished.

Grand Total: 397 creatures vanquished

Notes
Turn   | Place    | Note
-------+----------+-------------------------------------------
     0 | D:1      | LustLizard the Minotaur Berserker began the quest for the
                  | Orb.
     0 | D:1      | Reached XP level 1. HP: 19/19 MP: 0/0
    44 | D:1      | Found Cukanuna's Armour Emporium.
    98 | D:1      | Reached skill level 4 in Axes
    98 | D:1      | Reached XP level 2. HP: 27/27 MP: 1/1
   292 | D:1      | Reached skill level 1 in Throwing
   341 | D:1      | Reached ** piety under Trog
   419 | D:1      | Reached XP level 3. HP: 33/33 MP: 2/2
  1565 | D:2      | Found a runed translucent door.
  1566 | D:2      | Noticed Crazy Yiuf
  1680 | D:3      | Reached XP level 4. HP: 41/41 MP: 3/3
  1682 | D:3      | Reached skill level 5 in Axes
  1896 | D:3      | Found a burning altar of Makhleb.
  1920 | D:3      | Noticed Natasha
  1923 | D:3      | Killed Natasha
  2008 | D:3      | Noticed Natasha
  2017 | D:3      | Killed Natasha
  2086 | D:3      | Noticed Natasha
  2090 | D:3      | Reached XP level 5. HP: 47/47 MP: 4/4
  2099 | D:3      | Killed Natasha
  2432 | D:4      | Noticed an ogre
  2455 | D:4      | Reached *** piety under Trog
  2494 | D:4      | Killed an ogre
  2495 | D:4      | Reached skill level 5 in Fighting
  2495 | D:4      | Reached skill level 6 in Axes
  2495 | D:4      | Reached XP level 6. HP: 56/56 MP: 5/5
  2811 | D:4      | Found a shimmering altar of Xom.
  2842 | D:4      | Reached skill level 7 in Axes
  2937 | D:4      | Reached XP level 7. HP: 62/62 MP: 6/6
  3751 | D:5      | Entered Level 5 of the Dungeon
  3932 | D:5      | Reached **** piety under Trog
  3933 | D:5      | Reached skill level 8 in Axes
  4260 | D:5      | Found a hazy altar of Hepliaklqana.
  4380 | D:5      | Found Opsup's Armour Shoppe.
  4589 | D:5      | Noticed a +0 hand axe
  4590 | D:5      | Noticed a +0 hand axe
  4610 | D:5      | HP: 2/64 [burnt (3)]
  4773 | D:5      | Found a hide-covered altar of Uskayaw.
  4959 | D:5      | Found a glowing silver altar of Zin.
  5028 | D:6      | Noticed a vampire
  5053 | D:6      | Killed a vampire
  5054 | D:6      | Reached skill level 9 in Axes
  5054 | D:6      | Reached XP level 8. HP: 40/71 MP: 7/7
  5198 | D:6      | Found a sand-covered staircase.
  5306 | Ossuary  | Entered an ossuary
  5377 | Ossuary  | Reached skill level 5 in Throwing
  5554 | Ossuary  | Reached skill level 10 in Axes
  5733 | D:6      | Found a bloodstained altar of Trog.
  5792 | D:6      | Found an opulent altar of Gozag.
  5854 | D:6      | Reached XP level 9. HP: 58/81 MP: 8/8
  5959 | D:6      | Reached ***** piety under Trog
  5990 | D:6      | Found a staircase to the Ecumenical Temple.
  6072 | D:6      | Found a glowing golden altar of the Shining One.
  6113 | D:6      | Found a sacrificial altar of Ru.
  6513 | D:7      | Found a flagged portal.
  6515 | D:7      | Reached skill level 11 in Axes
  6617 | Bailey   | Entered a bailey
  7092 | Bailey   | Noticed an orc knight
  7092 | Bailey   | Noticed an orc knight
  7133 | Bailey   | Killed an orc knight
  7208 | Bailey   | Killed an orc knight
  7209 | Bailey   | Reached skill level 12 in Axes
  7258 | Bailey   | Noticed an orc knight
  7277 | Bailey   | Noticed an orc knight
  7283 | Bailey   | Killed an orc knight
  7284 | Bailey   | Reached XP level 10. HP: 91/91 MP: 9/9
  7295 | Bailey   | HP: 2/136 [orc knight/+0 halberd (6)]
  7296 | Bailey   | Killed an orc knight
  7297 | Bailey   | Reached skill level 5 in Armour
  7770 | D:7      | Found an ancient bone altar of Kikubaaqudgha.
  8465 | D:8      | Noticed Prince Ribbit
  8479 | D:8      | Killed Prince Ribbit
  8480 | D:8      | Reached skill level 13 in Axes
  8815 | D:8      | Reached skill level 10 in Fighting
  9479 | D:9      | Found a staircase to the Orcish Mines.
  9631 | D:9      | Found a sparkling altar of Nemelex Xobeh.
  9658 | D:9      | Received a gift from Trog
  9682 | D:9      | Found a shimmering blue altar of Sif Muna.
 10050 | D:9      | Noticed Grum
 10062 | D:9      | Killed Grum
 10103 | D:9      | Reached skill level 14 in Axes
 10103 | D:9      | Reached skill level 1 in Shields
 10103 | D:9      | Reached XP level 11. HP: 67/101 MP: 10/10
 10205 | D:9      | Noticed a two-headed ogre
 10449 | D:9      | Killed a two-headed ogre
 10585 | D:9      | Found a blossoming altar of Fedhas.
 10766 | D:10     | Entered Level 10 of the Dungeon
 10770 | D:10     | Noticed a deep elf pyromancer
 10785 | D:10     | Killed a deep elf pyromancer
 10889 | D:10     | Noticed a centaur warrior
 10892 | D:10     | Noticed a deep elf pyromancer
 10900 | D:10     | Killed a centaur warrior
 10903 | D:10     | Killed a deep elf pyromancer
 11942 | D:10     | Found a staircase to the Lair.
 11946 | D:10     | Noticed a white ugly thing
 11948 | D:10     | Reached skill level 15 in Axes
 11969 | D:10     | Killed a white ugly thing
 12415 | D:10     | Noticed Erica
 12426 | D:10     | Killed Erica
 12509 | D:10     | Found a radiant altar of Vehumet.
 12822 | D:11     | Found a snail-covered altar of Cheibriados.
 12897 | D:11     | Reached XP level 12. HP: 106/110 MP: 11/11
 13015 | D:11     | Found Liplua's Assorted Antiques.
 13024 | D:11     | Bought a scroll labelled WENTANLALAGH for 27 gold pieces
 13024 | D:11     | Bought a scroll labelled ITTEPTU ZEHERUE for 27 gold pieces
 13293 | D:11     | Reached skill level 5 in Shields
 13594 | D:11     | Noticed a two-headed ogre
 13630 | D:11     | Killed a two-headed ogre
 13694 | D:11     | Found a basalt altar of Yredelemnul.
 13771 | D:11     | Found Atraemiwy's Tiny Tomes.
 13945 | D:12     | Reached skill level 16 in Axes
 14077 | D:12     | Received a gift from Trog
 14327 | D:12     | Noticed a two-headed ogre
 14358 | D:12     | Killed a two-headed ogre
 14611 | D:12     | HP: 3/112 [efreet/fireball (17)]
 15169 | D:12     | Noticed a two-headed ogre
 15190 | D:12     | Killed a two-headed ogre
 15496 | D:12     | Reached skill level 10 in Throwing
 15927 | Orc:1    | Entered Level 1 of the Orcish Mines
 15927 | Orc:1    | Noticed Erolcha
 15930 | Abyss:2  | Found a corrupted altar of Lugonu.
 15930 | Abyss:2  | Cast into level 2 of the Abyss (Erolcha)
 15953 | Abyss:2  | Noticed a vampire mage
 15983 | Abyss:2  | Killed a vampire mage
 16051 | Abyss:2  | Noticed a tentacled starspawn
 16115 | Abyss:2  | Reached XP level 13. HP: 74/119 MP: 12/12
 16131 | Abyss:2  | Reached skill level 17 in Axes
 16313 | Abyss:2  | Noticed a bone dragon
 16326 | Abyss:2  | Killed a bone dragon
 16328 | Abyss:2  | Slain by a large abomination

Illustrated notes

Levels and vault maps discovered:
D:1:      lemuel_arrival_funnel, layout_basic, serial_shops, shop,
          minmay_tromino_v4_c
D:2:      layout_loops_corners, uniq_crazy_yiuf_cottage
D:3:      layout_rooms, lightli_temple_of_fire, supply_closet_lemuel,
          uniq_natasha
D:4:      layout_layer_cave, led_xom_imps, st_stairs_11
D:5:      layout_basic, nicolae_hepliaklqana_hazy_memory,
          dancing_weapons_uskayaw, mainiacjoe_overflow_24_doors, serial_shops,
          kennysheep_mini
D:6:      layout_cave_pools, nicolae_ru_path_of_blood,
          trog_three_pillars_becter, nicolae_gozag_seed_capital,
          nicolae_tso_swordbearing_angel, minmay_temple_entry_nine_rooms,
          nicolae_ossuary_entry_monument, kennysheep_generic_room_4
D:7:      layout_basic, kennysheep_vampire_church, enter_bailey_4
D:8:      layout_loops_ring, grunt_potential, uniq_prince_ribbit1
D:9:      layout_cave_pools, fedhas_altar_fruit_tree,
          mainiacjoe_overflow_six_doors_small,
          nemelex_xobeh_ov_fountains_minmay, orc_david_3, uniq_grum
D:10:     minmay_curly_fans, layout_loops_corners,
          mainiacjoe_overflow_tiny_flanked, minmay_lair_entry_grove, uniq_erica
D:11:     layout_cross, serial_park, serial_park_square2, serial_park_tiny_pond,
          serial_park_gazebo [serial_park_minivault_5x5_3], serial_shops,
          nicolae_diamond_shop, nicolae_shop_i_like_small_books_too,
          einodemon_armed_red_devil_minivault
D:12:     statuecave_lemuel, layout_stronghold, serial_bayou_pond_b
Orc:1:    layout_diamond_mine, basic_altar, uniq_erolcha
Abyss:2:  base:
D:8

Skill      XL: |  1  2  3  4  5  6  7  8  9 10 11 12 13 |
---------------+----------------------------------------+-----
Axes           | 4 5 6 7 9 10 12 14 15 16 17 | 17.2
Fighting       | 4 5 6 8 9 10 11 12 | 12.6
Throwing       | 1 2 3 4 5 6 8 9 10 | 10.2
Armour         | 4 6 8 9 |  9.9
Shields        | 1 4 6 7 |  7.2
Dodging        | |  2.1

Action                     |  1- 3 |  4- 6 |  7- 9 | 10-12 | 13-15 || total
---------------------------+-------+-------+-------+-------+-------++-------
  Melee: Hand axe          |    97 |   113 |   388 |       |       ||   598
         Headbutt          |    16 |    16 |    92 |   124 |       ||   248
         Punch             |       |     2 |     5 |     9 |     1 ||    17
         War axe           |       |       |    31 |   581 |       ||   612
         Broad axe         |       |       |       |    23 |    23 ||    46
  Throw: Stone             |       |    29 |    43 |    19 |       ||    91
         Boomerang         |       |     4 |     5 |     5 |       ||    14
         Dart              |       |     2 |     3 |    27 |       ||    32
         Throwing net      |       |       |     1 |       |       ||     1
 Invoke: Berserk           |       |       |     3 |     8 |     1 ||    12
         Brothers in Arms  |       |       |     1 |       |       ||     1
  Evoke: Wand              |       |       |     1 |       |       ||     1
    Use: Scroll            |       |     2 |     7 |    17 |       ||    26
         Potion            |       |       |     2 |     4 |     2 ||     8
   Stab: Held in net/web   |       |       |     1 |       |       ||     1
         Distracted        |       |       |     1 |       |       ||     1
         Invisible         |       |       |       |     5 |       ||     5
 Armour: Animal skin       |     9 |       |       |       |       ||     9
         Plate armour      |    74 |    97 |   413 |   573 |    16 ||  1173
         Skin              |       |       |       |       |    46 ||    46
  Dodge: Dodged            |    42 |    37 |   131 |   234 |     5 ||   449
